 Dungeon Crawl Stone Soup version 0.27.1 (webtiles) character file.

Game seed: 11285041575223929396

4236 acemry the Destroyer (level 10, -2/50 HPs)
             Began as a Deep Elf Conjurer on Sept 4, 2021.
             Killed from afar by a steam dragon (27 damage)
             ... with a ball of steam
             ... on level 8 of the Dungeon.
             The game lasted 00:32:35 (9630 turns).

acemry the Destroyer (Deep Elf Conjurer)            Turns: 9630, Time: 00:32:36

Health: -2/50      AC:  5    Str:  4    XL:     10   Next: 9%
Magic:  16/24      EV: 12    Int: 27    God:
Gold:   508        SH:  0    Dex: 13    Spells: 23/26 levels left

rFire    x . .     SeeInvis .   a - staff of conjuration
rCold    + + +     Faith    .   (no shield)
rNeg     . . .     Spirit   .   h - +0 robe
rPois    .         Reflect  .   c - +2 hat of Daskor {rF- rC++ Regen+}
rElec    .         Harm     .   (no cloak)
rCorr    .         Rampage  .   (no gloves)
Will     +....                  j - +0 pair of boots {Stlth+}
Stlth    +++.......             (no amulet)
HPRegen  1.16/turn              l - ring of protection from cold
MPRegen  0.19/turn              (no ring)

@: lethally poisoned (-2 -> -4)
A: no striking features
a: no special abilities


You were on level 8 of the Dungeon.
You visited 2 branches of the dungeon, and saw 9 of its levels.

You collected 508 gold pieces.

Inventory:

Hand Weapons
 b - a +4 flail of holy wrath
 e - a +0 vampiric dagger
 t - a +0 dagger of draining
Missiles
 s - 5 silver boomerangs
Armour
 c - the +2 hat of Daskor (worn) {rF- rC++ Regen+}
   (You acquired it on level 4 of the Dungeon)

   rF:        It makes you vulnerable to fire.
   rC:        It greatly protects you from cold.
   Regen:     It increases your rate of health regeneration.
 h - a +0 robe (worn)
 i - a +0 pair of boots
 j - a +0 pair of boots of stealth (worn)
 m - a +0 helmet
Magical Staves
 a - a staff of conjuration (weapon)
 y - a staff of poison
Jewellery
 l - a ring of protection from cold (left hand)
Scrolls
 k - 2 scrolls of teleportation
 o - a scroll of vulnerability
 q - 2 scrolls of identify
 v - 3 scrolls of enchant weapon
 w - a scroll of magic mapping
Potions
 d - a potion of berserk rage
 f - a potion of flight
 g - a potion of magic
 n - a potion of invisibility
 r - a potion of ambrosia {unknown}


   Skills:
 - Level 2.4 Dodging
 - Level 2.4 Stealth
 + Level 8.7 Spellcasting
 + Level 14.4 Conjurations


You had 23 spell levels left.
You knew the following spells:

 Your Spells              Type           Power      Damage    Failure   Level
a - Magic Dart            Conj           100%       1d8       0%          1
b - Searing Ray           Conj           100%       3d7       1%          2

Your spell library contained the following spells:

 Spells                   Type           Power      Damage    Failure   Level
 Shock                    Conj/Air       100%       1d9       1%          1
 Dazzling Flash           Conj/Hex       100%       N/A       1%          3
 Fulminant Prism          Conj/Hex       33%        3d16      2%          4
 Iskenderun's Mystic Bla  Conj/Tloc      66%        2d14      2%          4
 Sting                    Tmut/Pois      44%        1d5       4%          1
 Blink                    Tloc           N/A        N/A       8%          2
 Poisonous Vapours        Pois/Air       22%        N/A       8%          2
 Lesser Beckoning         Tloc           5%         N/A       14%         3
 Swiftness                Air            11%        N/A       14%         3
 Airstrike                Air            5%         N/A       43%         4
 Olgreb's Toxic Radiance  Pois           11%        N/A       43%         4
 Lee's Rapid Deconstruct  Erth           5%         3d7*      80%         5
 Manifold Assault         Tloc           11%        N/A       80%         5


Dungeon Overview and Level Annotations

Branches:
Dungeon (8/15)             Temple (1/1) D:4
   Lair: D:8-11

Altars:
Ashenzari
Cheibriados
Dithmenos
Elyvilon
Fedhas
Gozag
Kikubaaqudgha
Nemelex Xobeh
Ru
Sif Muna
Trog
Uskayaw
Yredelemnul
Zin
The Shining One


Message History

Confirm with . or Enter, or press ? or * to list all spells.
Aiming: Searing Ray (safe; 1% risk of failure)
Press: ? - help, Shift-Dir - straight line, p - water moccasin You feel a surge of power!
The searing ray misses the water moccasin.
The searing ray misses the gnoll sergeant. (Press . to maintain the ray.)
The water moccasin closely misses you.
The gnoll sergeant hits you from afar with a +0 spear!
The searing ray hits the water moccasin!
The water moccasin is severely wounded.
The searing ray misses the gnoll sergeant.
The searing ray hits the steam dragon.
The steam dragon is lightly wounded.
The water moccasin bites you but does no damage.
A gnoll comes into view. It is wielding a +0 halberd.
A gnoll comes into view. It is wielding a +0 whip.
The gnoll sergeant hits you from afar with a +0 spear!
The water moccasin bites you.
You are poisoned.
The water moccasin poisons you!
The searing ray hits the water moccasin!
You kill the water moccasin!
The searing ray hits the gnoll sergeant.
The gnoll sergeant is moderately wounded.
The searing ray hits the steam dragon!
The steam dragon is moderately wounded.
You feel very sick.
The gnoll shouts!
The gnoll sergeant barely misses you.
The searing ray hits the gnoll sergeant!
The gnoll sergeant is severely wounded.
The searing ray hits the death yak.
The death yak is lightly wounded.
You finish channeling your searing ray.
You feel sick.
The gnoll sergeant hits you from afar with a +0 spear.
The steam dragon breathes steam at you. The ball of steam hits you!!
The steam scalds you terribly!
Ouch! That really hurt!
You die...

##.........#........##
#...#......#.......##
###...................
##....#................
###........)..)..........
#.......)..)..<.....^....
#......................##
#.............)........#
#...........#..@.........
#..#.)......#..ยง.........
####...........gD....>...
#........#........###.
#.....##.#..Y...###
##.....#...g....g#
##..............###
##....####.........
#.....##....###....


You could see a death yak, a steam dragon (catching breath), a gnoll sergeant
and 2 gnolls.

Vanquished Creatures
  A troll (D:7)
  Sigmund (D:3)
  5 yaks (D:5)
  A wyvern (D:7)
  Edmund (D:4)
  2 water moccasins
  An orc warrior (D:3)
  A black bear (D:6)
  2 ice beasts
  A necrophage (D:7)
  5 ogres
  A phantom (D:7)
  Blork the orc (D:4)
  2 scorpions
  A wyvern skeleton (D:7)
  6 killer bees
  A crimson imp (D:4)
  2 centaur zombies (D:5)
  2 bullfrog zombies (D:5)
  2 jellies
  3 orc priests
  Crazy Yiuf (D:2)
  A bullfrog skeleton (D:6)
  A hound (D:5)
  3 centaur skeletons
  5 iguanas
  9 orc wizards
  Terence (D:3)
  Natasha (thrice) (D:2)
  A killer bee zombie (D:7)
  A hound zombie (D:5)
  Robin (D:2)
  A gnoll (D:8)
  A howler monkey skeleton (D:4)
  10 adders
  A shadow imp (D:7)
  3 white imps
  2 ufetubi (D:5)
  An adder zombie (D:5)
  An adder skeleton (D:5)
  A worm (D:2)
  A dart slug (D:2)
  25 orcs
  6 ball pythons
  9 endoplasms
  4 giant cockroaches
  19 goblins
  5 hobgoblins
  6 jackals
  5 quokkas
  7 bats
  2 frilled lizards
  2 goblin zombies (D:4)
  2 hobgoblin zombies (D:4)
  14 kobolds
  4 kobold skeletons (D:4)
  A kobold zombie (D:4)
  3 rats
205 creatures vanquished.

Vanquished Creatures (others)
  2 withered plants (D:4)
2 creatures vanquished.

Grand Total: 207 creatures vanquished

Notes
Turn   | Place    | Note
-------+----------+-------------------------------------------
     0 | D:1      | acemry the Deep Elf Conjurer began the quest for the Orb.
     0 | D:1      | Reached XP level 1. HP: 10/10 MP: 6/6
   111 | D:1      | Found a faded altar of an unknown god.
   233 | D:1      | Reached XP level 2. HP: 15/15 MP: 6/8
   238 | D:1      | Reached skill level 5 in Conjurations
   972 | D:2      | Learned a level 2 spell: Searing Ray
   999 | D:2      | Reached XP level 3. HP: 19/19 MP: 3/9
  1168 | D:2      | Noticed Natasha
  1181 | D:2      | Killed Natasha
  1182 | D:2      | Reached skill level 6 in Conjurations
  1184 | D:2      | Reached XP level 4. HP: 24/24 MP: 5/10
  1451 | D:2      | Noticed Robin
  1454 | D:2      | Killed Robin
  1956 | D:2      | Found a runed translucent door.
  1957 | D:2      | Noticed Crazy Yiuf
  2182 | D:2      | Reached skill level 7 in Conjurations
  2182 | D:2      | Reached XP level 5. HP: 28/28 MP: 5/11
  2264 | D:2      | Noticed Natasha
  2268 | D:2      | Killed Natasha
  2695 | D:2      | Noticed Natasha
  2703 | D:2      | Killed Natasha
  2791 | D:2      | Killed Crazy Yiuf
  2855 | D:3      | Reached skill level 8 in Conjurations
  2855 | D:3      | Reached XP level 6. HP: 32/32 MP: 6/12
  2990 | D:3      | Noticed Terence
  2996 | D:3      | Killed Terence
  3274 | D:3      | Noticed an orc warrior
  3282 | D:3      | Killed an orc warrior
  3283 | D:3      | Reached skill level 9 in Conjurations
  3425 | D:3      | Reached XP level 7. HP: 36/36 MP: 7/13
  3651 | D:3      | Noticed Sigmund
  3694 | D:3      | Killed Sigmund
  3695 | D:3      | Reached skill level 10 in Conjurations
  4222 | D:4      | Noticed Edmund
  4230 | D:4      | Killed Edmund
  4620 | D:4      | Found a glowing golden altar of the Shining One.
  4756 | D:4      | Found an ancient bone altar of Kikubaaqudgha.
  4808 | D:4      | Noticed Blork the orc
  4822 | D:4      | Killed Blork the orc
  4823 | D:4      | Reached XP level 8. HP: 40/41 MP: 8/14
  4825 | D:4      | Identified a scroll of acquirement
  4825 | D:4      | Acquired the +2 hat of Daskor {rF- rC++ Regen+}
  4850 | D:4      | Reached skill level 11 in Conjurations
  4923 | D:4      | Found a staircase to the Ecumenical Temple.
  4940 | Temple   | Entered the Ecumenical Temple
  5430 | D:5      | Entered Level 5 of the Dungeon
  6079 | D:5      | Found a basalt altar of Yredelemnul.
  6257 | D:5      | Reached skill level 12 in Conjurations
  6692 | D:5      | Reached XP level 9. HP: 26/45 MP: 1/17
  6732 | D:5      | Reached skill level 5 in Spellcasting
  6732 | D:5      | Reached skill level 13 in Conjurations
  8597 | D:7      | Reached skill level 14 in Conjurations
  8750 | D:7      | Noticed a troll
  8757 | D:7      | Killed a troll
  8990 | D:7      | Reached XP level 10. HP: 44/50 MP: 14/24
  9052 | D:7      | Found a white marble altar of Elyvilon.
  9452 | D:8      | Acquired a +0 pair of boots of stealth
  9614 | D:8      | Noticed a death yak
  9630 | D:8      | Killed from afar by a steam dragon

Illustrated notes

Levels and vault maps discovered:
D:1:      lemuel_arrival_cross, layout_basic, dreamdust_ecumenical_altar_statues
D:2:      layout_basic, minmay_pentomino_z4, uniq_natasha,
          uniq_crazy_yiuf_cottage, uniq_robin
D:3:      layout_rooms, minmay_misc_feat_ornament, kennysheep_cross_room,
          uniq_sigmund, uniq_terence
D:4:      layout_rooms, kiku_gazebo_garden_becter, nicolae_tso_besieged_by_evil,
          minmay_temple_entry_slanted, uniq_edmund, uniq_blork_the_orc
D:5:      minmay_inner_zag, layout_basic, nicolae_yredelemnul_corpse_copse,
          chequers_serial_rivers_micro_b, hangedman_decor_riveting
D:6:      layout_gridville, hangedman_decor_peaks_small
D:7:      layout_gridville, marbit_many_paths
D:8:      layout_cave_pools, dpeg_lair_monsters
Temple:   minmay_temple_curvy_loop

Skill      XL: |  1  2  3  4  5  6  7  8  9 |
---------------+----------------------------+-----
Conjurations   | 5 6 7 8 9 10 12 14 | 14.4
Spellcasting   | 4 8 |  8.7
Dodging        | |  2.4
Stealth        | |  2.4

Action                   |  1- 3 |  4- 6 |  7- 9 | 10-12 || total
-------------------------+-------+-------+-------+-------++-------
Melee: Whip              |     2 |       |       |       ||     2
       Flail             |       |    12 |       |       ||    12
       Dagger            |       |     7 |       |       ||     7
       Staff             |       |       |     2 |     5 ||     7
 Cast: Magic Dart        |    49 |    97 |   212 |    24 ||   382
       Searing Ray       |     2 |    10 |    41 |     8 ||    61
  Use: Scroll            |     3 |     1 |    12 |     4 ||    20
       Potion            |       |       |     1 |     7 ||     8
Armor: Robe              |     1 |     7 |    23 |    15 ||    46
Dodge: Dodged            |     4 |    20 |    74 |    33 ||   131
